 Dungeon Crawl Stone Soup version 0.30-a0-121-gb27577e5d9 (webtiles) character file.

Game seed: 8687132849859661000

8953 ragingrage the Unseen (level 11, -3/94 (99) HPs)
             Began as a Kobold Brigand on Sept 14, 2022.
             Was a Priest of Wu Jian.
             Slain by Josephine
             ... wielding a +2 dagger of speed
              (10 damage)
             ... on level 9 of the Dungeon.
             The game lasted 00:12:15 (12494 turns).

ragingrage the Unseen (Kobold Brigand)             Turns: 12494, Time: 00:12:15

HP:   -3/94 (99)    AC: 25    Str:  5    XL:     11   Next: 65%
MP:   11/11         EV:  3    Int: 12    God:    Wu Jian [***...]
Gold: 51            SH:  6    Dex: 22    Spells: 10/10 levels left

rFire   . . .      SeeInvis .    o - +2 short sword (speed)
rCold   + . .      Faith    +    M - +0 buckler
rNeg    + . .      Spirit   .    (body armour currently unavailable)
rPois   +          Reflect  .    (helmet currently unavailable)
rElec   +          Harm     .    (cloak currently unavailable)
rCorr   .          Rampage  .    (gloves currently unavailable)
Will    .....      NoTele   +    (boots currently unavailable)
Stlth   ++++++++..               g - amulet of faith
HPRegen 0.25/turn                y - ring of flight
MPRegen 0.12/turn                Q - ring of Hyithrim {rElec rC+ rN+ Str-3}

@: tree-form, slowed, studying 2 skills, lightly drained, very slow
A: stationary, stasis, torment immunity, boosted hp, small, no large weapons,
nightstalker 3
a: Renounce Religion, Wall Jump, Serpent's Lash


You were on level 9 of the Dungeon.
You worshipped Wu Jian.
Wu Jian was most pleased with you.
You were a tree.
You visited 2 branches of the dungeon, and saw 12 of its levels.

You collected 709 gold pieces.
You spent 658 gold pieces at shops.

Inventory:

Hand Weapons
 a - a +2 dagger of draining
 b - a +2 dagger of speed
 o - a +2 short sword of speed (weapon)
 v - a +0 arbalest
 J - a +3 short sword
 L - a +2 scimitar of flaming
Missiles
 d - 28 poisoned darts
 e - a curare-tipped dart (quivered)
 m - 3 throwing nets
 G - 9 boomerangs
Armour
 c - a +0 cloak (melded)
 l - a +0 pair of boots (melded)
 A - the +2 robe of the Thirteen Wonders (melded) {rF+ Will+ Str+3}
   (You bought it in a shop on level 5 of the Dungeon)

   Str:       It affects your strength (+3).
   rF:        It protects you from fire.
   Will:      It increases your willpower.
 M - a +0 buckler (worn)
Jewellery
 g - an amulet of faith (around neck)
 y - a ring of flight (left branch)
 Q - the ring of Hyithrim (right branch) {rElec rC+ rN+ Str-3}
   (You bought it in a shop on level 5 of the Dungeon)

   [ring of positive energy]

   Str:       It affects your strength (-3).
   rC:        It protects you from cold.
   rElec:     It insulates you from electricity.
   rN:        It protects you from negative energy.
Wands
 w - a wand of mindburst (20)
 C - a wand of paralysis (24)
 I - a wand of iceblast (8)
Scrolls
 h - a scroll of vulnerability {unknown}
 i - a scroll of enchant weapon {unknown}
 j - 2 scrolls of butterflies {unknown}
 k - a scroll of summoning {unknown}
 n - 2 scrolls of torment {unknown}
 p - 2 scrolls of enchant armour {unknown}
 r - 13 scrolls of identify
 s - a scroll of immolation {unknown}
 x - 2 scrolls of amnesia {unknown}
 z - a scroll of fear
 B - a scroll of blinking
 D - a scroll of teleportation {unknown}
 K - a scroll of silence {unknown}
 O - a scroll of poison {unknown}
Potions
 f - 2 potions of flight
 q - 2 potions of curing
 t - a potion of magic
 u - a potion of resistance {unknown}
 E - 3 potions of mutation {unknown}
 F - a potion of lignification
 H - a potion of cancellation {unknown}
 P - a potion of haste {unknown}


   Skills:
 + Level 6.9 Fighting
 - Level 10.0 Short Blades
 - Level 6.0 Throwing
 + Level 2.2 Armour
 + Level 7.1 Dodging
 * Level 16.9 Stealth
 + Level 2.2 Shields


You had 10 spell levels left.
You didn't know any spells.
Your spell library contained the following spells:

 Spells                   Type           Power      Damage    Failure   Level
 Cigotuvi's Dreadful Rot  Necr/Pois/Air  0%         N/A       58%         2
 Frozen Ramparts          Ice            0%         1d1       83%         3
 Ozocubu's Armour         Ice            0%         N/A       83%         3
 Dispel Undead            Necr           0%         3d6       99%         4
 Ice Form                 Ice/Tmut       0%         N/A       99%         4
 Summon Ice Beast         Ice/Summ       0%         N/A       99%         4
 Death Channel            Necr           0%         N/A       100%        6
 Ozocubu's Refrigeration  Ice            0%         4d7       100%        7


Dungeon Overview and Level Annotations

Branches:
Dungeon (11/15)            Temple (1/1) D:6
   Lair: D:8-11         Orc: D:9-12

Altars:
Cheibriados
Dithmenos
Elyvilon
Gozag
Hepliaklqana
Kikubaaqudgha
Makhleb
Okawaru
Uskayaw
Vehumet
Wu Jian
Xom
Zin
The Shining One

Shops:
D:5 ?(=[[

Annotations:
D:6 exclusion: downstairs
D:8 2 transporters
D:9 Josephine


Innate Abilities, Weirdness & Mutations

You are a tree.
Your roots penetrate the ground, keeping you stationary.
You cannot be teleported.
You are immune to unholy pain and torment.
Your maximum health is greatly increased.
Your equipment is partially melded.
You are small and have problems with some larger weapons.
You are completely attuned to the shadows.


Message History

You spin and attack Josephine repeatedly.
You hit Josephine.
Josephine is moderately wounded.
You hit Josephine but do no damage.
Josephine is moderately wounded.
Josephine screams, "Die!"
Josephine hits you but does no damage.
You completely miss Josephine.
Josephine is moderately wounded.
You hit the wraith but do no damage. The wraith hits you but does no damage.
Josephine points at you and mumbles some strange words.
The ghostly flame explodes!
The ghostly fireball engulfs you! You partially resist.
You feel drained.
* * * LOW HITPOINT WARNING * * *
The ghostly fireball engulfs Josephine.
Josephine completely resists.
The ghostly fireball engulfs the wraith.
The wraith completely resists.
Okay, then.
Okay, then.
Really quaff the potion of lignification?
You turn into a tree.
Your +0 cloak melds into your body.
Your +0 pair of boots melds into your body.
The +2 robe of the Thirteen Wonders {rF+ Will+ Str+3} melds into your body.
Your roots penetrate the ground.
Josephine is no longer moving slowly.
The wraith hits you but does no damage. You block Josephine's attack.
You hit the wraith but do no damage. You barely miss the wraith.
You block the wraith's attack.
Josephine hits you with a +2 dagger of speed.
* * * LOW HITPOINT WARNING * * *
You hit the wraith but do no damage.
Josephine hits you with a +2 dagger of speed!
* * * LOW HITPOINT WARNING * * *
You feel better. The wraith hits you but does no damage.
Josephine hits you with a +2 dagger of speed!
* * * LOW HITPOINT WARNING * * *
You feel better. The wraith hits you.
* * * LOW HITPOINT WARNING * * *
The wraith drains your vigour!
You feel yourself slow down.
Josephine hits you with a +2 dagger of speed!
You die...

###.##..........###.# #.........
.............##'###.# ##.........
....................# #..........
....#[..............###.#........
....#...............##..#........
#####.######.......##............
#####.## #...............####'#
.......# #.....W..##.....# #.#
.......# #....♣@).##.....####.#
.......#####....(>)...#.........#
)......#.......######.#.#########
.......#.####....##...#.#........
.......#.#.....#)##.###.#.#######
).#....#.#.#####.##.#...#.##.....
###.##.#.........##...###....####
.....#.###.############ ######
###..#.#<....#


You could see Josephine (poisoned) and a wraith.

Vanquished Creatures
  A two-headed ogre (D:9)
  Pikel (D:5)
  A cyclops (D:7)
  A deep elf pyromancer (D:7)
  A manticore (D:7)
  Joseph (D:9)
  Maggie (D:9)
  2 trolls
  A hornet (D:7)
  Sigmund (D:5)
  A wraith (D:11)
  A basilisk (D:11)
  4 steam dragons
  Menkaure (D:5)
  Duvessa (D:7)
  4 orc warriors
  3 black bears
  An ice beast (D:4)
  4 sky beasts
  2 ogres
  5 centaurs
  A phantom (D:6)
  2 kobold brigands
  Blork the orc (D:5)
  6 bullfrogs
  2 gnoll sergeants
  8 wights (D:7)
  5 killer bees (D:8)
  Dowan (D:7)
  3 vampire bats (D:7)
  2 howler monkeys
  5 hounds
  2 jellies
  Crazy Yiuf (D:5)
  6 orc priests
  2 gnoll boudas (D:7)
  4 iguanas
  8 orc wizards
  11 gnolls
  5 adders
  2 shadow imps (D:7)
  A white imp (D:7)
  An ufetubus (D:4)
  A worm (D:3)
  4 dart slugs (D:1)
  42 orcs
  7 ball pythons
  A bat skeleton (D:7)
  6 bat zombies (D:7)
  9 endoplasms
  2 giant cockroaches
  5 goblins
  4 hobgoblins
  6 jackals
  4 quokkas
  A bat (D:2)
  3 frilled lizards
  11 kobolds
  3 rats
226 creatures vanquished.

Vanquished Creatures (others)
  5 fungi (D:3)
5 creatures vanquished.

Grand Total: 231 creatures vanquished

Notes
Turn   | Place    | Note
-------+----------+-------------------------------------------
     0 | D:1      | ragingrage the Kobold Brigand began the quest for the Orb.
     0 | D:1      | Reached XP level 1. HP: 12/12 MP: 1/1
   138 | D:1      | Reached XP level 2. HP: 17/17 MP: 2/2
   324 | D:1      | Reached XP level 3. HP: 21/21 MP: 3/3
   738 | D:1      | Found a faded altar of an unknown god.
   907 | D:2      | Reached skill level 6 in Stealth
  1033 | D:2      | Reached XP level 4. HP: 18/26 MP: 4/4
  2059 | D:3      | Found a shadowy altar of Dithmenos.
  2316 | D:4      | Reached XP level 5. HP: 30/30 MP: 5/5
  2795 | D:4      | Noticed an ice beast
  2820 | D:4      | Killed an ice beast
  2821 | D:4      | Reached skill level 5 in Short Blades
  2821 | D:4      | Reached skill level 7 in Stealth
  2821 | D:4      | Reached XP level 6. HP: 23/35 MP: 6/6
  3538 | D:4      | Reached XP level 7. HP: 9/40 MP: 7/7
  4174 | D:4      | Found a hazy altar of Hepliaklqana.
  4425 | D:5      | Entered Level 5 of the Dungeon
  4435 | D:5      | Noticed Menkaure
  4505 | D:5      | Found Qussew's Magic Scroll Emporium.
  4511 | D:5      | Bought a scroll of fear for 48 gold pieces
  4528 | D:5      | Reached skill level 5 in Throwing
  4528 | D:5      | Reached skill level 8 in Stealth
  4703 | D:5      | Noticed Sigmund
  4707 | D:5      | Killed Sigmund
  4715 | D:5      | Found Yguizaec's Weapon Shop.
  4720 | D:5      | Reached XP level 8. HP: 44/44 MP: 8/8
  4732 | D:5      | Found Nimnech's Antique Armour Shoppe.
  4737 | D:5      | Bought a dull robe for 125 gold pieces
  4737 | D:5      | Identified the +2 robe of the Thirteen Wonders {rF+ Will+
                  | Str+3} (You bought it in a shop on level 5 of the Dungeon)
  4753 | D:5      | Noticed Pikel
  4782 | D:5      | Killed Pikel
  4783 | D:5      | Reached skill level 9 in Stealth
  5132 | D:5      | Found Xitzehaf's Antique Armour Boutique.
  5150 | D:5      | Reached skill level 10 in Stealth
  5395 | D:5      | Found a radiant altar of Vehumet.
  5431 | D:5      | Killed Menkaure
  5432 | D:5      | Reached XP level 9. HP: 48/48 MP: 9/9
  5433 | D:5      | Noticed Blork the orc
  5442 | D:5      | Killed Blork the orc
  5603 | D:5      | Found Apho's Jewellery Emporium.
  5777 | D:5      | Found a runed translucent door.
  5780 | D:5      | Noticed Crazy Yiuf
  5885 | D:5      | Killed Crazy Yiuf
  5991 | D:6      | Reached skill level 11 in Stealth
  6334 | D:6      | Reached skill level 10 in Short Blades
  6475 | D:6      | Reached skill level 12 in Stealth
  6520 | D:6      | Found a staircase to the Ecumenical Temple.
  6546 | Temple   | Entered the Ecumenical Temple
  6624 | Temple   | Became a worshipper of the Wu Jian Council
  7081 | D:7      | Reached skill level 13 in Stealth
  7133 | D:7      | Reached XP level 10. HP: 22/56 MP: 10/10
  7574 | D:7      | Found a hide-covered altar of Uskayaw.
  7675 | D:7      | Found an ancient bone altar of Kikubaaqudgha.
  7687 | D:7      | Reached * piety under Wu Jian
  7757 | D:7      | Reached skill level 14 in Stealth
  7881 | D:7      | Noticed Duvessa
  7881 | D:7      | Noticed Dowan
  7885 | D:7      | Killed Duvessa
  7889 | D:7      | Killed Dowan
  7988 | D:7      | Reached skill level 5 in Fighting
  7988 | D:7      | Reached skill level 5 in Dodging
  7992 | D:7      | Noticed a cyclops
  7993 | D:7      | Noticed a deep elf pyromancer
  8434 | D:8      | Reached skill level 15 in Stealth
  8903 | D:8      | Reached ** piety under Wu Jian
  9301 | D:8      | Found a transporter.
  9330 | D:8      | Found a transporter.
  9747 | D:8      | Found a transporter.
  9832 | D:8      | Found a transporter.
 10252 | D:9      | Noticed Maggie
 10255 | D:9      | Killed Maggie
 10256 | D:9      | Reached XP level 11. HP: 64/64 MP: 11/11
 10275 | D:9      | Noticed Joseph
 10461 | D:9      | Found a snail-covered altar of Cheibriados.
 10521 | D:9      | Killed Joseph
 10874 | D:9      | Reached skill level 16 in Stealth
 11020 | D:9      | Noticed a two-headed ogre
 11049 | D:9      | Killed a two-headed ogre
 11050 | D:9      | Reached skill level 1 in Armour
 11050 | D:9      | Reached skill level 1 in Shields
 11155 | D:10     | Entered Level 10 of the Dungeon
 11602 | D:9      | Reached *** piety under Wu Jian
 11707 | D:5      | Bought the ring of Hyithrim {rElec rC+ rN+ Str-3} for 485
                  | gold pieces
 11957 | D:7      | Killed a cyclops
 11992 | D:7      | Killed a deep elf pyromancer
 12101 | D:7      | Noticed a manticore
 12115 | D:7      | Killed a manticore
 12358 | D:7      | Noticed a glowing orange brain
 12372 | D:7      | Noticed a steelbarb worm
 12459 | D:10     | Noticed Josephine
 12492 | D:9      | HP: 4/94 [Josephine/+2 dagger of speed (7)]
 12494 | D:9      | Slain by Josephine

Illustrated notes

Levels and vault maps discovered:
D:1:      minmay_arrival_open_corners, layout_rooms,
          hellmonk_ecumenical_altar_zigzags, st_stairs_5, serial_bayou_pond_c
D:2:      layout_rooms
D:3:      layout_rooms, mainiacjoe_overflow_alcove_4, kennysheep_pointless_box
D:4:      dreamdust_elfheim, layout_basic, kennysheep_little_box,
          serial_park_tiny_pond, kennysheep_cross_bottleneck
D:5:      layout_basic, mainiacjoe_overflow_small_starburst, serial_shops,
          kennysheep_mini_moat, shop, shop, shop_fountains,
          nicolae_shop_statue_plus, kennysheep_nub, uniq_blork_the_orc,
          uniq_pikel, uniq_menkaure, uniq_sigmund, uniq_crazy_yiuf_cottage
D:6:      layout_basic, minmay_temple_entry_tees
D:7:      nzn_winding_woodlands_stair_cross [nzn_winding_woodlands_5x15_garden,
          nzn_winding_woodlands_center_triple_pond,
          nzn_winding_woodlands_5x15_parted, nzn_winding_woodlands_5x5_cross,
          nzn_winding_woodlands_5x5_closed_star,
          nzn_winding_woodlands_5x15_jagged,
          nzn_winding_woodlands_center_diamonds,
          nzn_winding_woodlands_5x15_cabin], layout_cave_pools,
          mainiacjoe_overflow_paths, kennysheep_vampire_church, uniq_duvessa
D:8:      layout_loops_ring, ebering_dispersal_statue_hall,
          nicolae_transporter_intersection
D:9:      layout_basic, lemuel_tele_altar, uniq_maggie, uniq_joseph
D:10:     layout_cave_pods, gammafunk_temple_overflow_statue, erik_lair_island,
          uniq_psyche, uniq_josephine
D:11:     minmay_glassy_protrusions, layout_basic
Temple:   eino_temple_water

Skill      XL: |  1  2  3  4  5  6  7  8  9 10 11 |
---------------+----------------------------------+-----
Short Blades   | 3 4 5 6 8 10 | 10.0
Stealth        | 6 7 8 10 13 15 16 | 16.9
Throwing       | 3 4 5 6 |  6.0
Dodging        | 3 6 7 |  7.1
Fighting       | 3 5 6 |  6.9
Armour         | 2 |  2.2
Shields        | 2 |  2.2

Action                   |  1- 3 |  4- 6 |  7- 9 | 10-12 || total
-------------------------+-------+-------+-------+-------++-------
Melee: Dagger            |    64 |   134 |   168 |   434 ||   800
       Punch             |     2 |     1 |     3 |     3 ||     9
       Short sword       |       |       |    17 |    42 ||    59
Throw: Dart              |       |     6 |     7 |    21 ||    34
Invok: Lunge             |       |       |     1 |    34 ||    35
       Whirlwind         |       |       |       |    12 ||    12
Evoke: Wand              |       |       |     2 |       ||     2
  Use: Scroll            |       |     2 |     1 |       ||     3
       Potion            |       |     4 |       |     4 ||     8
 Stab: Sleeping          |    12 |    15 |    15 |    37 ||    79
       Distracted        |       |       |       |     6 ||     6
Armor: Robe              |     9 |    20 |    18 |    62 ||   109
       Skin              |       |    13 |       |     2 ||    15
Dodge: Dodged            |    19 |    70 |    92 |   230 ||   411
Block: Buckler           |       |       |       |    45 ||    45

Table legend: (Time is in decaauts)
 A = Elapsed time spent in this place.
 B = Non-inter-level travel time spent in this place.
 C = Inter-level travel time spent in this place.
 D = Time resting spent in this place.
 E = Time spent auto-exploring this place.
 F = Levels seen in this place.
 G = Mean time per level.
                   A        B        C        D        E       F      G
               +--------+--------+--------+--------+--------+-----+--------+
         Total |  12170 |  11299 |    871 |   2545 |   7037 |  12 | 1014.2 |
       Dungeon |  12072 |  11243 |    829 |   2545 |   6991 |  11 | 1097.5 |
        Temple |     97 |     55 |     42 |      0 |     46 |   1 |   97.0 |
               +--------+--------+--------+--------+--------+-----+--------+

Top non-repeatable levels by time:
     D:4: 2207 daAuts
     D:7: 1793 daAuts
     D:5: 1513 daAuts
     D:8: 1387 daAuts
     D:9: 1358 daAuts
     D:6: 1303 daAuts
     D:1: 872 daAuts
     D:3: 708 daAuts
     D:2: 653 daAuts
    D:11: 180 daAuts
  Temple: 97 daAuts
    D:10: 94 daAuts
